 Dungeon Crawl Stone Soup version 0.23.0-3-gf3c87f2 (webtiles) character file.

Game seed: 12609294885313698012

337 Scud the Poker (level 6, -7/57 HPs)
             Began as a Naga Fighter on Feb 23, 2019.
             Killed from afar by Dowan (21 damage)
             ... with a shard of ice
             ... on level 4 of the Dungeon.
             The game lasted 00:11:48 (2751 turns).

Scud the Poker (Naga Fighter)                       Turns: 2751, Time: 00:11:49

Health: -7/57      AC:  7    Str: 20    XL:     6   Next: 54%
Magic:  5/5        EV:  6    Int: 12    God:
Gold:   111        SH:  9    Dex: 10    Spells: 5/5 levels left

rFire    . . .     SeeInvis +   a - +0 trident
rCold    . . .     Gourm    .   c - +0 shield
rNeg     . . .     Faith    .   b - +0 scale mail
rPois    +         Spirit   .   (helmet restricted)
rElec    .         Reflect  .   q - +0 cloak
rCorr    .         Harm     .   (no gloves)
MR       .....                  (no barding)
Stlth    ..........             (no amulet)
HPRegen  0.19/turn              (no ring)
MPRegen  0.09/turn              (no ring)

@: brilliant, very slightly contaminated, invisible, very slow
A: large, antennae 1, see invisible, deformed body, dopey 1, low mp 1, sense
surroundings 1, poison resistance, slowness 2, slow metabolism 1, spit poison 1,
AC +2
a: Spit Poison


You were on level 4 of the Dungeon.
You were not hungry.

You visited 1 branch of the dungeon, and saw 4 of its levels.

You collected 111 gold pieces.

Inventory:

Hand Weapons
 a - a +0 trident (weapon)
Armour
 b - a +0 scale mail (worn)
 c - a +0 shield (worn)
 q - a +0 cloak (worn)
Scrolls
 i - 2 scrolls of teleportation {unknown}
 j - a scroll of enchant armour {unknown}
 k - 3 scrolls of identify {unknown}
 n - 3 scrolls of remove curse {unknown}
 p - a scroll of magic mapping {unknown}
Potions
 e - a potion of flight
 h - a potion of heal wounds
 m - a potion of haste {unknown}
 o - a potion of curing {unknown}
Comestibles
 f - a ration


   Skills:
 + Level 4.0 Fighting
 + Level 4.1 Polearms
 + Level 3.6 Armour
 + Level 0.8 Dodging
 + Level 0.9 Stealth
 + Level 3.3 Shields


You had 5 spell levels left.
You didn't know any spells.
Your spell library was empty.

Dungeon Overview and Level Annotations

Branches:
Dungeon (4/15)
 Temple: D:4-7

Altars:
Ashenzari
Gozag

Annotations:
D:4 Dowan


Innate Abilities, Weirdness & Mutations

You cannot wear boots.
Your serpentine skin is tough. (AC +2)
You have supernaturally acute eyesight. (SInv)
Armour fits poorly on your strangely shaped body.
Your system is resistant to poisons. (rPois)
You cover ground very slowly.
You have a slow metabolism.
You can spit poison.
You have a pair of small antennae on your head.
You are dopey. (Int -2)
Your magical capacity is low. (-10% MP)
You passively map a small area around you.


Message History

Dowan is lightly wounded.
Dowan hits you but does no damage.
You catch the helpless Dowan completely off-guard!
You hit Dowan.
Dowan is lightly wounded.
Dowan hits you but does no damage.
You miss Dowan.
Dowan is lightly wounded.
Dowan hits you with a +5 dagger of freezing.
* * * LOW HITPOINT WARNING * * *
Dowan freezes you.
* * * LOW HITPOINT WARNING * * *
You barely miss Dowan.
Dowan is lightly wounded.
You float gracefully downwards.
Dowan hits you but does no damage.
You closely miss Dowan.
Dowan is lightly wounded.
Dowan gestures at you while chanting. The shard of ice hits you!!
You die...

#....###.....#
#....##..#..^#### ##
###......##...#># * ..#
#......#......###*...#
..................##.<..
..#........#..#.........
..#............†......#.
. ..#..........e.......#
....##...###.##)@.#....
* .... ##.##
#...#.......# ,
#....##.##.$.# , #.....
*##* ### *...... * * ,
...##. , ,, ..# .. * , ,
,


You could see Dowan.

Vanquished Creatures
  Duvessa (D:4)
  A hound (D:3)
  An orc wizard (D:3)
  Robin (D:2)
  5 adders
  A gnoll (D:1)
  An ooze (D:3)
  A worm (D:2)
  2 dart slugs (D:3)
  2 leopard geckos (D:2)
  4 orcs (D:3)
  2 giant cockroaches
  16 hobgoblins
  3 jackals (D:1)
  A quokka (D:2)
  2 ball pythons
  5 bats
  9 frilled lizards
  16 goblins
  9 kobolds
  A leopard gecko skeleton (D:3)
  10 rats
94 creatures vanquished.

Notes
Turn   | Place    | Note
-------+----------+-------------------------------------------
     0 | D:1      | Scud the Naga Fighter began the quest for the Orb.
     0 | D:1      | Reached XP level 1. HP: 21/21 MP: 1/1
   254 | D:1      | Reached XP level 2. HP: 27/28 MP: 2/2
   796 | D:1      | Reached XP level 3. HP: 27/34 MP: 3/3
  1271 | D:2      | Found an opulent altar of Gozag.
  1359 | D:2      | Found a shattered altar of Ashenzari.
  1368 | D:2      | Reached XP level 4. HP: 33/42 MP: 4/4
  1486 | D:2      | Noticed Robin
  1496 | D:2      | Killed Robin
  1628 | D:3      | Reached XP level 5. HP: 47/49 MP: 5/5
  2553 | D:3      | Reached XP level 6. HP: 56/57 MP: 6/6
  2710 | D:4      | Noticed Duvessa
  2710 | D:4      | Noticed Dowan
  2730 | D:4      | Gained mutation: Your magical capacity is low. (-10% MP)
                  | [potion of mutation]
  2730 | D:4      | Gained mutation: You have a pair of small antennae on your
                  | head. [potion of mutation]
  2730 | D:4      | Gained mutation: You are dopey. (Int -2) [potion of
                  | mutation]
  2730 | D:4      | Gained mutation: You passively map a small area around you.
                  | [potion of mutation]
  2737 | D:4      | Killed Duvessa
  2751 | D:4      | Killed from afar by Dowan

Skill      XL: |  1  2  3  4  5  6 |
---------------+-------------------+-----
Armour         | 3 |  3.6
Polearms       | 3 4 |  4.1
Shields        | 3 |  3.3
Fighting       | 4 |  4.0
Dodging        | |  0.8
Stealth        | |  0.9

Action                   |  1- 3 |  4- 6 || total
-------------------------+-------+-------++-------
Melee: Trident           |   149 |   213 ||   362
 Abil: Spit Poison       |     2 |     1 ||     3
  Use: Potion            |       |     6 ||     6
 Stab: Invisible         |       |     3 ||     3
  Eat: Chunk             |     1 |       ||     1
       Ration            |       |     2 ||     2
Armor: Scale mail        |    57 |    97 ||   154
Dodge: Dodged            |    28 |    37 ||    65
Block: Shield            |    68 |    96 ||   164
